 Dungeon Crawl Stone Soup version 0.13.0-13-g27bfa31 (webtiles) character file.

1027 M4edhros the Covert (level 8, -1/50 HPs)
             Began as an Octopode Artificer on Oct 19, 2013.
             Was a Follower of Okawaru.
             Slain by Sigmund
             ... wielding a +6,+3 scythe of pain
              (2 damage)
             ... on Level 6 of the Dungeon.
             The game lasted 00:10:56 (4533 turns).

M4edhros the Covert (Octopode Artificer)            Turns: 4533, Time: 00:10:56

HP  -1/50        AC  1     Str 15      XL: 8   Next:  3%
MP  12/12        EV 12     Int 17      God: Okawaru [*.....]
Gold 156         SH  0     Dex 12      Spells:  1 memorised,  4 levels left

Res.Fire  : . . .   See Invis. : .   r - +1,+2 elf sabre
Res.Cold  : . . .   Warding    : .   (no shield)
Life Prot.: . . .   Conserve   : .   (helmet restricted)
Res.Poison: .       Res.Corr.  : .   (no amulet)
Res.Elec. : .       Clarity    : .   k - ring of sustain abilities
Sust.Abil.: + .     Spirit.Shd : .   s - +5 ring of strength
Res.Mut.  : .       Stasis     : .   (no ring)
Res.Rott. : .       Flight     : .   (no ring)
Saprovore : . . .                    (no ring)
                                     (no ring)
                                     (no ring)
                                     (no ring)

@: about to teleport, slightly resistant to hostile enchantments, extremely
stealthy
A: almost no armour, amphibious, 8 rings, constrict 8, camouflage 1, AC +1
a: Heroism, Renounce Religion


You were on level 6 of the Dungeon.
You worshipped Okawaru.
Okawaru was aware of your devotion.
You were very hungry.

You visited 1 branch of the dungeon, and saw 6 of its levels.

You collected 175 gold pieces.
You spent 39 gold pieces at shops.

Inventory:

Hand weapons
 r - a +1,+2 elven sabre (weapon)
Missiles
 x - 6 javelins (quivered)
Magical devices
 c - a wand of enslavement (11)
 d - a wand of random effects (2)
Comestibles
 f - 6 bread rations
 j - a meat ration
 l - a rambutan
 t - a chunk of giant frog flesh
 v - 2 chokos
 A - 11 sultanas
Scrolls
 a - a scroll of random uselessness {unknown}
 g - a scroll of remove curse {unknown}
 h - 2 scrolls of enchant weapon I
 m - 2 scrolls of teleportation
 n - 5 scrolls of identify
 o - a scroll of fog {unknown}
 q - a scroll of fear
Jewellery
 b - an uncursed amulet of stasis
 k - a ring of sustain abilities (left tentacle)
 s - a +5 ring of strength (right tentacle)
Potions
 e - a potion of magic {unknown}
 i - 2 potions of curing
 p - a potion of restore abilities
 w - 2 potions of agility
Books
 u - a book of Battle

   Spells                             Type                      Level
   Infusion                           Charms                       1
   Shroud of Golubria                 Charms/Translocation         2
   Song of Slaying                    Charms                       2
   Spectral Weapon                    Hexes/Charms                 3
   *Regeneration                      Charms/Necromancy            3
   Song of Shielding                  Charms                       4


   Skills:
 - Level 1.0 Fighting
 - Level 1.0 Short Blades
 - Level 2.0 Dodging
 + Level 9.7 Stealth
 + Level 3.8 Charms
 + Level 3.5 Necromancy
 - Level 3.2 Evocations


You had 4 spell levels left.
You knew the following spells:

 Your Spells              Type           Power        Failure   Level  Hunger
a - Regeneration          Chrm/Necr      ##........   17%         3    ####...


Dungeon Overview and Level Annotations

Branches:
Dungeon (6/27)             Temple (0/1) D:5
    Orc: D:6-11

Altars:
Okawaru
Sif Muna
Vehumet
Zin
the Shining One

Shops:
D:4 }*

Annotations:
D:6 Sigmund


Innate Abilities, Weirdness & Mutations

You cannot wear most types of armour.
You are amphibious.
You can wear up to eight rings at the same time.
You can use your tentacles to constrict many enemies at once.
Your skin changes colour to match your surroundings (Stlth).
Your rubbery body absorbs attacks (AC +1).


Message History

Duvessa is no longer charmed.
Evoke which item? (* to show all) (? for menu, Esc to quit)
Okay, then.
Drink which item? (? for menu, Esc to quit)
You feel better.
You barely miss Duvessa. You grab Duvessa.
Duvessa is severely wounded.
You constrict Duvessa.
Duvessa looks more energetic.
Duvessa hits you with an elven short sword.
* * * LOW HITPOINT WARNING * * *
It barely misses you.
You hit Duvessa.
You kill Duvessa!
Okawaru accepts your kill.
Read which item? (? for menu, Esc to quit)
As you read the scroll of teleportation, it crumbles to dust.
You feel strangely unstable. It hits you!
* * * LOW HITPOINT WARNING * * *
You writhe in agony.
You die...

..........................#
..(.......................#
................[.........#
..........................#
........#################.#
........# #.# ........# #.#
........#################.#
...............)@.........#
###########################


There were no monsters in sight!

Vanquished Creatures
  Grinder (D:4)
  A phantom (D:4)
  An ogre (D:4)
  Duvessa (D:6)
  A giant frog (D:6)
  A jelly (D:6)
  2 crimson imps
  Dowan (D:6)
  A hound (D:5)
  An orc wizard (D:4)
  3 worker ants
  Jessica (D:4)
  3 adders (D:2)
  An inept item mimic (D:4)
  A goliath beetle zombie (D:5)
  2 worms
  An iguana skeleton (D:4)
  2 giant geckos
  4 orcs
  3 ball pythons
  12 bats
  20 goblins
  8 hobgoblins
  4 jackals (D:2)
  6 kobolds
  4 giant cockroaches
  5 giant newts
  A jackal skeleton (D:4)
  7 rats
  A rat zombie (D:5)
100 creatures vanquished.

Vanquished Creatures (collateral kills)
  3 orcs (D:4)
3 creatures vanquished.

Grand Total: 103 creatures vanquished

Notes
Turn   | Place    | Note
--------------------------------------------------------------
     0 | D:1      | M4edhros, the Octopode Artificer, began the quest for the Orb.
     0 | D:1      | Reached XP level 1. HP: 14/14 MP: 1/1
    60 | D:1      | Reached XP level 2. HP: 9/19 MP: 3/3
    80 | D:2      | Found an iron altar of Okawaru.
    94 | D:2      | Became a worshipper of Warmaster Okawaru
   529 | D:1      | Reached skill level 4 in Stealth
   630 | D:1      | Reached XP level 3. HP: 24/24 MP: 4/4
   958 | D:2      | Paralysed by a potion of paralysis for 4 turns
  1018 | D:2      | Reached skill level 5 in Stealth
  1056 | D:2      | Reached XP level 4. HP: 6/29 MP: 6/6
  1462 | D:2      | Found a glowing silver altar of Zin.
  1537 | D:2      | Found a radiant altar of Vehumet.
  2026 | D:3      | Reached skill level 6 in Stealth
  2688 | D:4      | Found Ucryan's Gadget Boutique.
  2759 | D:4      | Found Jaynaf's General Store.
  2784 | D:4      | Noticed a phantom
  2820 | D:4      | Killed a phantom
  2820 | D:4      | Reached skill level 7 in Stealth
  2820 | D:4      | Reached XP level 5. HP: 18/34 MP: 7/7
  2906 | D:4      | Learned a level 3 spell: Regeneration
  2915 | D:4      | Bought a scroll of teleportation for 39 gold pieces
  3027 | D:4      | Noticed Grinder
  3040 | D:4      | Paralysed by Grinder for 2 turns
  3044 | D:4      | Paralysed by Grinder for 2 turns
  3055 | D:4      | Killed Grinder
  3055 | D:4      | Reached skill level 8 in Stealth
  3055 | D:4      | Reached XP level 6. HP: 6/39 MP: 9/9
  3295 | D:4      | Reached XP level 7. HP: 22/44 MP: 10/10
  3328 | D:4      | Noticed Jessica
  3338 | D:4      | Found a deep blue altar of Sif Muna.
  3345 | D:4      | Killed Jessica
  3419 | D:4      | Acquired Okawaru's first power
  3590 | D:5      | Entered Level 5 of the Dungeon
  3599 | D:5      | Found a glowing golden altar of the Shining One.
  3858 | D:5      | Found a staircase to the Ecumenical Temple.
  3879 | D:5      | Reached skill level 9 in Stealth
  4331 | D:6      | Noticed Dowan
  4332 | D:6      | Noticed Duvessa
  4492 | D:6      | Noticed Sigmund
  4498 | D:6      | Killed Dowan
  4498 | D:6      | Reached XP level 8. HP: 21/50 MP: 12/12
  4532 | D:6      | Killed Duvessa
  4533 | D:6      | HP: 1/50 [something (9)]
  4533 | D:6      | Slain by Sigmund

Action                   |  1- 3 |  4- 6 |  7- 9 || total
-------------------------+-------+-------+-------++-------
Melee: Short sword       |    77 |    44 |       ||   121
       Sabre             |       |    43 |    68 ||   111
Throw: Javelin           |       |     6 |       ||     6
Evoke: Wand              |       |    17 |    15 ||    32
  Use: Potion            |     4 |     1 |     8 ||    13
       Scroll            |       |       |     7 ||     7
 Stab: Sleeping          |     3 |     6 |     7 ||    16
